 Dungeon Crawl Stone Soup version 0.28-a0-793-g31680bbd8b (webtiles) character file.

Game seed: 10434800140533380270

46 ytrimaz the Skirmisher (level 3, 0/43 HPs)
             Began as a Demonspawn Berserker on Nov 4, 2021.
             Was a Follower of Trog.
             Slain by a hobgoblin (3 damage)
             ... on level 2 of the Dungeon.
             The game lasted 00:01:15 (1482 turns).

ytrimaz the Skirmisher (Demonspawn Berserker)       Turns: 1482, Time: 00:01:16

Health: 0/43       AC:  2    Str: 18    XL:     3   Next: 46%
Magic:  0/3        EV: 12    Int:  8    God:    Trog [*.....]
Gold:   80         SH:  0    Dex: 12    Spells: 2/2 levels left

rFire   . . .      SeeInvis .   a - +0 hand axe
rCold   . . .      Faith    .   (no shield)
rNeg    . . .      Spirit   +   b - +0 animal skin
rPois   .          Reflect  .   (no helmet)
rElec   .          Harm     .   (no cloak)
rCorr   .          Rampage  .   (no gloves)
Will    .....                   (no boots)
Stlth   ..........              (no amulet)
HPRegen 0.14/turn               (no ring)
MPRegen 0.16/turn               (no ring)

@: berserking, very quick
A: magic shield, magic regeneration
a: Renounce Religion, Berserk


You were on level 2 of the Dungeon.
You worshipped Trog.
Trog was aware of your devotion.
You visited 1 branch of the dungeon, and saw 2 of its levels.

You collected 80 gold pieces.

Inventory:

Hand Weapons
 a - a +0 hand axe (weapon)
Armour
 b - a +0 animal skin (worn)
Jewellery
 c - a ring of protection from cold
 i - a ring of see invisible
Scrolls
 g - a scroll of identify {unknown}
Potions
 d - a potion of brilliance {unknown}
 e - 2 potions of cancellation {unknown}
 f - 2 potions of curing {unknown}
 h - a potion of mutation {unknown}


   Skills:
 + Level 3.4 Fighting
 + Level 3.2 Axes
 * Level 2.1 Armour
 * Level 2.3 Dodging


You had 2 spell levels left.
You didn't know any spells.
Your spell library was empty.

Dungeon Overview and Level Annotations

Branches:
Dungeon (2/15)

Altars:

Shops:
D:1 [


Innate Abilities, Weirdness & Mutations

When hurt, damage is shared between your health and your magic reserves.
You regenerate magic rapidly.


Message History

You kill the worm!
Trog accepts your kill.
A ball python comes into view.
Unknown command.
The ball python hisses angrily.
The ball python bites you. The ball python closely misses you.
You hit the ball python but do no damage.
The ball python bites you. The ball python misses you.
You closely miss the ball python. The ball python barely misses you.
The ball python grabs you. The ball python constricts you.
You slash the ball python!
You kill the ball python!
Trog accepts your kill.
A kobold comes into view. It is wielding a +0 whip.
A kobold is nearby!
A kobold is nearby!
A kobold is nearby!
The kobold shouts!
A worm comes into view.
The kobold throws a stone.
The stone hits you. The kobold barely misses you.
A hobgoblin comes into view.
The hobgoblin shouts!
The kobold misses you.
You hit the kobold.
You kill the kobold!
Trog accepts your kill.
Things that are here:
a +0 whip; 5 stones
Things that are here:
a +0 whip; 5 stones The hobgoblin barely misses you.
The hobgoblin hits you.
* * * LOW HITPOINT WARNING * * *
The worm bites you.
* * * LOW HITPOINT WARNING * * *
Unknown command.
A red film seems to cover your vision as you go berserk!
You feel yourself moving faster!
You feel mighty! The hobgoblin hits you.
You die...

#.#(.#####..#.### ....
................
#.#...####...####......#
#.#.............#.......
#...............#.....##
.... ..##......#.......
#...#.#.............#.
###...#.#.......#.#...#.
......g@..#######.#...#
......w.)....# #.##..#
.............# #.# ..#
.............# #.# ..#
###..........# #.. ...
#............ ...
#..........###
#####........ ##.......


You could see a worm and a hobgoblin.

Vanquished Creatures
  2 adders (D:2)
  A worm (D:2)
  A dart slug (D:1)
  2 ball pythons
  3 endoplasms
  2 giant cockroaches
  A goblin (D:1)
  A hobgoblin (D:1)
  3 jackals (D:1)
  2 kobolds (D:2)
  2 bats (D:1)
  A frilled lizard (D:2)
  A rat (D:1)
22 creatures vanquished.

Notes
Turn   | Place    | Note
-------+----------+-------------------------------------------
     0 | D:1      | ytrimaz the Demonspawn Berserker began the quest for the
                  | Orb.
     0 | D:1      | Reached XP level 1. HP: 18/18 MP: 1/1
   225 | D:1      | Found a faded altar of an unknown god.
   305 | D:1      | Gained mutation: You regenerate magic rapidly. [demonic
                  | ancestry]
   305 | D:1      | Reached XP level 2. HP: 16/24 MP: 2/2
   482 | D:1      | Found Ukariydgh's Antique Armour Boutique.
  1131 | D:2      | Gained mutation: When hurt, damage is shared between your
                  | health and your magic reserves. [demonic ancestry]
  1131 | D:2      | Reached XP level 3. HP: 28/29 MP: 3/3
  1482 | D:2      | Slain by a hobgoblin

Illustrated notes

Levels and vault maps discovered:
D:1:      ncdulo_lavacross, layout_loops_ring, serial_shops, shop,
          hellmonk_ecumenical_altar_leap_of_faith
D:2:      layout_basic, kennysheep_generic_room_2, uniq_terence

Skill      XL: |  1  2 |
---------------+-------+-----
Dodging        | 2 |  2.3
Axes           | 3 |  3.2
Armour         | 2 |  2.1
Fighting       | |  3.4

Action                   || total
-------------------------++-------
Melee: Hand axe          ||    75
Invok: Berserk           ||     2
 Stab: Sleeping          ||     2
Armor: Animal skin       ||    13
Dodge: Dodged            ||    50

Table legend: (Time is in decaauts)
 A = Elapsed time spent in this place.
 B = Non-inter-level travel time spent in this place.
 C = Inter-level travel time spent in this place.
 D = Time resting spent in this place.
 E = Time spent auto-exploring this place.
 F = Levels seen in this place.
 G = Mean time per level.
                   A        B        C        D        E       F      G
               +--------+--------+--------+--------+--------+-----+--------+
         Total |   1496 |   1481 |     15 |      0 |   1290 |   2 |  748.0 |
       Dungeon |   1496 |   1481 |     15 |      0 |   1290 |   2 |  748.0 |
               +--------+--------+--------+--------+--------+-----+--------+

Top non-repeatable levels by time:
     D:1: 1032 daAuts
     D:2: 464 daAuts
